 Dungeon Crawl Stone Soup version 0.25.0-11-g1f837a76a1 (webtiles) character file.

Game seed: 18085220986964616794

632 Delamore the Skirmisher (level 7, -3/47 HPs)
             Began as a Gargoyle Fighter on June 24, 2020.
             Slain by a bullfrog (4 damage)
             ... in a sewer.
             The game lasted 00:03:28 (3126 turns).

Delamore the Skirmisher (Gargoyle Fighter)          Turns: 3126, Time: 00:03:29

Health: -3/47      AC: 11    Str: 22    XL:     7   Next: 49%
Magic:  7/7        EV:  6    Int:  8    God:
Gold:   297        SH:  4    Dex:  9    Spells: 6/6 levels left

rFire    . . .     SeeInvis .   u - +0 morningstar
rCold    + . .     Gourm    .   r - +0 buckler
rNeg     + . .     Faith    .   b - +0 scale mail
rPois    ∞         Spirit   .   (no helmet)
rElec    +         Reflect  .   (no cloak)
rCorr    .         Harm     .   (no gloves)
MR       .....                  (no boots)
Stlth    ..........             o - amulet of regeneration
HPRegen  0.95/turn              (no ring)
MPRegen  0.10/turn              (no ring)

@: constricted, very slow
A: cold resistance 1, negative energy resistance 1, regeneration 1, electricity
resistance, unbreathing, petrification resistance, no potion heal 1, rot
immunity, AC +4
a: no special abilities


You were in a sewer.
You were hungry.

You visited 1 branch of the dungeon, and saw 5 of its levels.
You also visited: Sewer.

You collected 297 gold pieces.

Inventory:

Hand Weapons
 a - a +0 flail
 u - a +0 morningstar (weapon)
Armour
 b - a +0 scale mail (worn)
 c - a +1 kite shield
 r - a +0 buckler (worn)
Jewellery
 o - an amulet of regeneration (around neck)
Scrolls
 h - 2 scrolls of noise
 m - a scroll of immolation
 s - 2 scrolls of magic mapping {unknown}
 v - a scroll of random uselessness
 w - a scroll of enchant armour
 x - 2 scrolls of teleportation
 y - a scroll of fog {unknown}
 z - a scroll of blinking
Potions
 d - 3 potions of might
 e - 2 potions of curing {unknown}
 i - a potion of mutation
 j - 2 potions of magic
 k - a potion of resistance {unknown}
 l - a potion of brilliance {unknown}
 n - a potion of lignification {unknown}
 p - a potion of degeneration {unknown}
 q - a potion of haste {unknown}
 t - 2 potions of stabbing {unknown}
Comestibles
 f - 7 rations
 g - 5 chunks of flesh


   Skills:
 + Level 6.9 Fighting
 + Level 5.9 Maces & Flails
 - Level 3.2 Armour
 - Level 3.2 Shields


You had 6 spell levels left.
You didn't know any spells.
Your spell library was empty.

Dungeon Overview and Level Annotations

Branches:
Dungeon (5/15)              Sewer (1/1)
 Temple: D:4-7

Altars:
Trog


Innate Abilities, Weirdness & Mutations

You are resistant to torment.
Your stone body is resilient. (AC +4)
You are immune to poison.
You resist negative energy. (rN+)
You are resistant to electric shocks. (rElec)
You can survive without breathing.
You are immune to petrification.
You are immune to rotting.
Your flesh is cold resistant. (rC+)
Your natural rate of healing is unusually fast.
Potions are less effective at restoring your health.


Message History

The ball python barely misses you. The ball python constricts you.
The adder bites you.
* * * LOW HITPOINT WARNING * * *
The ball python bites you but does no damage.
The bullfrog hits you.
* * * LOW HITPOINT WARNING * * *
It was a potion of magic.
Magic courses through your body. The bullfrog hits you.
* * * LOW HITPOINT WARNING * * *
The ball python barely misses you. The adder bites you.
* * * LOW HITPOINT WARNING * * *
The ball python bites you but does no damage.
The bullfrog hits you.
* * * LOW HITPOINT WARNING * * *
You block the ball python's attack.
* * * LOW HITPOINT WARNING * * *
The ball python constricts you. The adder barely misses you.
The ball python bites you but does no damage.
The bullfrog hits you.
You die...

≈≈≈≈÷†#
#≈≈≈≈≈≈#
≈≈≈≈≈≈#
#≈≈≈≈≈≈#
≈≈≈≈≈≈#
#≈≈≈≈≈≈#
#....##
#≈≈≈≈#≈#
.≈...≈#
#≈≈≈#≈≈#
≈.≈..##
#≈≈≈≈.≈#
≈≈≈≈≈≈#
#≈≈≈≈.≈#
≈≈≈≈≈≈#
#≈≈FSS≈#
≈≈≈≈≈≈#
#≈SF@S≈#
≈≈≈≈≈≈#
#≈≈SSS≈#
≈≈≈≈≈≈#
#≈≈≈≈≈≈#
≈≈≈≈≈≈#
#≈≈≈≈≈≈#
≈≈≈≈≈≈#
#≈≈#≈≈≈#
#≈≈.≈.#
#......#
......#
#......#
.....##
#......#
.....#


You could see 2 bullfrogs, 2 adders and 5 ball pythons.

Vanquished Creatures
  An ogre (D:4)
  A phantom (D:5)
  A scorpion (D:5)
  2 crimson imps
  A hound (D:5)
  2 orc wizards
  9 adders
  5 river rats
  A worm (D:3)
  2 leopard geckos
  15 orcs
  7 giant cockroaches
  4 goblins
  7 hobgoblins
  5 jackals
  6 kobolds
  13 ball pythons
  3 bats
  6 frilled lizards
  2 leopard gecko skeletons (D:5)
  36 rats
129 creatures vanquished.

Notes
Turn   | Place    | Note
-------+----------+-------------------------------------------
     0 | D:1      | Delamore the Gargoyle Fighter began the quest for the Orb.
     0 | D:1      | Reached XP level 1. HP: 14/14 MP: 1/1
   211 | D:1      | Reached XP level 2. HP: 19/19 MP: 2/2
   835 | D:2      | Reached skill level 4 in Fighting
   835 | D:2      | Reached XP level 3. HP: 24/24 MP: 3/3
  1207 | D:3      | Reached XP level 4. HP: 30/30 MP: 4/4
  1675 | D:4      | Noticed an ogre
  1685 | D:4      | Killed an ogre
  1685 | D:4      | Reached skill level 5 in Fighting
  1685 | D:4      | Reached XP level 5. HP: 35/35 MP: 5/5
  1801 | D:4      | Reached XP level 6. HP: 39/40 MP: 6/6
  2558 | D:5      | Entered Level 5 of the Dungeon
  2631 | D:5      | Reached skill level 6 in Fighting
  2631 | D:5      | Reached skill level 5 in Maces & Flails
  2650 | D:5      | Found a bloodstained altar of Trog.
  2652 | D:5      | Noticed a phantom
  2667 | D:5      | Killed a phantom
  2667 | D:5      | Reached XP level 7. HP: 40/47 MP: 7/7
  2773 | D:5      | Found a glowing drain.
  2787 | Sewer    | Entered a sewer
  3125 | Sewer    | Gained mutation: Your natural rate of healing is unusually
                  | fast. [potion of mutation]
  3125 | Sewer    | Gained mutation: Potions are less effective at restoring
                  | your health. [potion of mutation]
  3125 | Sewer    | Gained mutation: Your flesh is cold resistant. (rC+)
                  | [potion of mutation]
  3126 | Sewer    | HP: 2/47 [bullfrog (3)]
  3126 | Sewer    | Slain by a bullfrog

Illustrated notes

Levels and vault maps discovered:
D:1:      dpeg_arrival_ternary, layout_loops_ring
D:2:      layout_basic
D:3:      layout_rooms, first_ration
D:4:      layout_basic
D:5:      layout_gridville, nicolae_overflow_hidden_temple,
          portal_sewer_entry_e, kennysheep_flooded_box, lemuel_statue_altar
Sewer:    sewer_minmay_w

Skill      XL: |  1  2  3  4  5  6 |
---------------+-------------------+-----
Fighting       | 4 5 6 |  6.9
Maces & Flails | 3 4 5 |  5.9
Armour         | |  3.2
Shields        | |  3.2

Action                   |  1- 3 |  4- 6 |  7- 9 || total
-------------------------+-------+-------+-------++-------
Melee: Flail             |   116 |   100 |       ||   216
       Morningstar       |       |    72 |   231 ||   303
  Use: Scroll            |       |     5 |     4 ||     9
       Potion            |       |       |     2 ||     2
  Eat: Chunk             |     1 |     4 |     3 ||     8
Armor: Scale mail        |    71 |   133 |   208 ||   412
Dodge: Dodged            |    51 |   130 |   151 ||   332
Block: Kite shield       |    49 |       |       ||    49
       Buckler           |     9 |    33 |    56 ||    98
